 Dungeon Crawl Stone Soup version 0.31-a0-198-g2ad674f65e (webtiles) character file.

Game seed: 10485391883770733887

112 qw the Skirmisher (level 4, -5/25 HPs)
             Began as a Deep Elf Hunter on June 25, 2023.
             Killed by divine providence
             ... invoked by an orc priest
              (13 damage)
             ... on level 3 of the Dungeon.
             The game lasted 00:00:42 (2397 turns).

qw the Skirmisher (Deep Elf Hunter)                 Turns: 2397, Time: 00:00:43

Health: -5/25      AC:  6    Str: 10    XL:     4   Next: 64%
Magic:  6/6        EV: 11    Int: 14    God:
Gold:   211        SH:  0    Dex: 18    Spells: 3/3 levels left

rFire   . . .        Y - +0 shortbow
rCold   . . .        (shield currently unavailable)
rNeg    . . .        d - +0 ring mail
rPois   .            (no helmet)
rElec   .            (no cloak)
rCorr   .            (no gloves)
SInv    .            e - +0 pair of boots
Will    .....        (no amulet)
Stlth   +            (no ring)
HPRegen 0.24/turn    (no ring)
MPRegen 0.10/turn

%: no passive effects
@: no status effects
A: no striking features
a: no special abilities


You were on level 3 of the Dungeon.
You visited 1 branch of the dungeon, and saw 3 of its levels.

You collected 211 gold pieces.


   Skills:
 - Level 1.5 Fighting
 + Level 8.1 Ranged Weapons
 - Level 2.4 Dodging
 - Level 1.2 Stealth


You had 3 spell levels left.
You didn't know any spells.
Your spell library was empty.

Inventory:

Hand Weapons
 Y - a +0 shortbow (weapon)
Armour
 d - a +0 ring mail (worn)
 e - a +0 pair of boots (worn)
Jewellery
 c - a ring of protection from fire
Potions
 a - a potion of haste {unknown}
 b - a potion of curing
 g - 2 potions of attraction {unknown}

Dungeon Overview and Level Annotations

Branches:
Dungeon (3/15)

Altars:


Message History

Enter note:
Enter note:
Enter note:
2383 ||| FLEEEEING.
2384 ||| FLEEEEING.
2385 ||| FLEEEEING.
2386 ||| FLEEEEING.
You see here an adder skeleton.
2387 ||| FLEEEEING.
The orc priest calls upon Beogh to heal the orc.
The orc's wounds heal themselves!
2388 ||| FLEEEEING.
2389 ||| FLEEEEING.
You shoot an arrow. The arrow hits the orc.
The orc is severely wounded.
You shoot an arrow.
The arrow hits the orc but does no damage.
The orc is severely wounded.
The orc priest calls upon Beogh to heal the orc.
The orc's wounds heal themselves!
The orc hits you but does no damage.
You shoot an arrow. The arrow hits the orc.
The orc is severely wounded.
The orc closely misses you. The orc barely misses you.
You shoot an arrow. The arrow hits the orc!
You kill the orc!
The orc priest calls down the wrath of Beogh upon you.
Beogh smites you!
Ouch! That really hurt!
You shoot an arrow. The arrow hits the orc priest!
The orc priest is heavily wounded.
You shoot an arrow.
The arrow completely misses the orc priest.
The orc priest zaps a wand.
The puff of flame hits you.
You shoot an arrow.
The arrow completely misses the orc priest.
You shoot an arrow. The arrow barely misses the orc priest.
The orc priest calls down the wrath of Beogh upon you.
Beogh smites you!
Ouch! That really hurt!
You die...

..###.......# ####.........# #.
..%.###...#.#####........)...# #.
......###......##............# #.
....###......).##............# #.
..###..........##............# #.
###............#####.........###.
............%%.# #...........##
..#.##.........#####...........##
..#...........o)@................
..###......K.....................
.>...............................
....##..###.###......#####.......
..#.##..# #.# #......# ######..
..#.##..# #.# #......# ##.
###.##K.# #.# #......# #.
###.##... ##......# #. ..#.##...#
#.......#### #.


You could see an orc priest and a kobold.

Vanquished Creatures
  An orc priest (D:3)
  2 adders (D:3)
  2 dart slugs
  An orc (D:3)
  3 bats
  5 endoplasms
  6 goblins
  4 hobgoblins (D:1)
  4 jackals (D:2)
  4 quokkas
  4 ball pythons
  5 frilled lizards
  9 kobolds
  8 rats
58 creatures vanquished.

Notes
Turn   | Place    | Note
-------+----------+-------------------------------------------
     0 | D:1      | qw the Deep Elf Hunter began the quest for the Orb.
     0 | D:1      | Reached XP level 1. HP: 12/12 MP: 3/3
     0 | D:1      | 0 ||| qw: Version: 0.3-a-22-g0ed2b0b
     0 | D:1      | 0 ||| qw: Game counter: 5303
     0 | D:1      | 0 ||| qw: Melee chars always use a shield: true
     0 | D:1      | 0 ||| qw: God list: Okawaru
     0 | D:1      | 0 ||| qw: Allow faded altars: false
     0 | D:1      | 0 ||| qw: Do Orc after clearing Dungeon:15 true
     0 | D:1      | 0 ||| qw: Do second Lair branch before Depths: true
     0 | D:1      | 0 ||| qw: Lair rune preference: random
     0 | D:1      | 0 ||| qw: Goals: Normal
     0 | D:1      | 0 ||| PLANNING D:1-11
   181 | D:1      | Reached XP level 2. HP: 16/16 MP: 4/4
   244 | D:1      | Reached skill level 6 in Ranged Weapons
   294 | D:1      | You fall into a shaft and drop 1 floor!
   295 | D:2      | 295 ||| READING scroll labelled LOSE YDGHEMP.
   296 | D:2      | 296 ||| DROPPING scroll of butterflies.
   516 | D:1      | Reached XP level 3. HP: 16/20 MP: 5/5
   751 | D:1      | 751 ||| UPGRADING to +0 ring mail.
   761 | D:1      | 761 ||| DROPPING +0 leather armour.
   762 | D:1      | 762 ||| DROPPING ring of wizardry.
   763 | D:1      | 763 ||| DRINKING 2 amethyst potions.
   781 | D:2      | Found a faded altar of an unknown god.
  1102 | D:2      | Reached skill level 7 in Ranged Weapons
  1822 | D:2      | 1822 ||| UPGRADING to +0 pair of boots.
  1827 | D:2      | 1827 ||| READING scroll labelled MUEVIRPH YDGHY.
  1828 | D:2      | 1828 ||| READING scroll labelled NEMITSUQUM.
  2108 | D:3      | Reached XP level 4. HP: 25/25 MP: 6/6
  2366 | D:3      | Reached skill level 8 in Ranged Weapons
  2368 | D:3      | 2368 ||| FLEEEEING.
  2369 | D:3      | 2369 ||| FLEEEEING.
  2370 | D:3      | 2370 ||| FLEEEEING.
  2374 | D:3      | 2374 ||| FLEEEEING.
  2375 | D:3      | 2375 ||| FLEEEEING.
  2376 | D:3      | 2376 ||| FLEEEEING.
  2377 | D:3      | 2377 ||| FLEEEEING.
  2378 | D:3      | 2378 ||| FLEEEEING.
  2379 | D:3      | 2379 ||| FLEEEEING.
  2380 | D:3      | 2380 ||| FLEEEEING.
  2381 | D:3      | 2381 ||| FLEEEEING.
  2382 | D:3      | 2382 ||| FLEEEEING.
  2383 | D:3      | 2383 ||| FLEEEEING.
  2384 | D:3      | 2384 ||| FLEEEEING.
  2385 | D:3      | 2385 ||| FLEEEEING.
  2386 | D:3      | 2386 ||| FLEEEEING.
  2387 | D:3      | 2387 ||| FLEEEEING.
  2388 | D:3      | 2388 ||| FLEEEEING.
  2389 | D:3      | 2389 ||| FLEEEEING.
  2397 | D:3      | Killed from afar by an orc priest

Levels and vault maps discovered:
D:1:      dpeg_arrival_triangle_fractal, layout_loops_ring,
          minmay_misc_feat_more_columns
D:2:      layout_loops_corners, shapermc_ecumenical_altar_totnotflames,
          serial_aquarium, aquarium_bridge_straight [aquarium_subvault_bridge,
          aquarium_subvault_window, aquarium_subvault_bridge,
          aquarium_subvault_wall], aquarium_bridge_square
          [aquarium_subvault_balcony, aquarium_subvault_wall,
          aquarium_subvault_bridge, aquarium_subvault_window],
          aquarium_window_1, aquarium_window_corridor_1, aquarium_window_corner,
          aquarium_window_fake, aquarium_view_2g, aquarium_view_2b
D:3:      layout_basic, chequers_serial_rivers_marsh, minmay_unequal

Skill      XL: |  1  2  3  4 |
---------------+-------------+-----
Ranged Weapons | 6 7 8 |  8.1
Fighting       | |  1.5
Dodging        | |  2.4
Stealth        | |  1.2

Action                     |  1- 3 |  4- 6 || total
---------------------------+-------+-------++-------
   Fire: Shortbow          |   119 |    32 ||   151
    Use: Scroll            |     3 |       ||     3
         Potion            |     1 |       ||     1
 Armour: Leather armour    |     3 |       ||     3
         Ring mail         |     1 |     3 ||     4
  Dodge: Dodged            |    19 |     4 ||    23

Table legend:
 A = Non-vault XP
 B = Vault XP
 C = Vault XP percentage of total XP
 D = Non-vault monster count
 E = Vault monster count
 F = Vault count percentage of total count
                 A         B        C        D         E       F
            +---------+---------+-------+---------+---------+-------
      Total |     145 |      16 |   9.9 |      56 |       2 |   3.4
            +---------+---------+-------+---------+---------+-------
        D:1 |      45 |       0 |   0.0 |      27 |       0 |   0.0
        D:2 |      28 |       0 |   0.0 |      17 |       0 |   0.0
        D:3 |      72 |      16 |  18.2 |      12 |       2 |  14.3
            +---------+---------+-------+---------+---------+-------
